 Dungeon Crawl Stone Soup version 0.30.0-5-g1a98f26d00 (webtiles) character file.

Game seed: 4416048106909371537

488 asfdlkj the Poker (level 6, -3/49 HPs)
             Began as a Demonspawn Berserker on May 9, 2023.
             Was a Believer of Trog.
             Slain by a water moccasin (5 damage)
             ... on level 5 of the Dungeon on May 12, 2023.
             The game lasted 00:16:18 (1796 turns).

asfdlkj the Poker (Demonspawn Berserker)            Turns: 1796, Time: 00:16:22

Health: -3/49      AC:  6    Str: 19    XL:     6   Next: 90%
Magic:  6/6        EV: 11    Int:  9    God:    Trog [**....]
Gold:   145        SH:  0    Dex: 12    Spells: 5/5 levels left

rFire   . . .        a - +0 spear
rCold   . . .        (no shield)
rNeg    . . .        e - +0 ring mail
rPois   .            (no helmet)
rElec   .            (no cloak)
rCorr   .            (no gloves)
SInv    .            (no boots)
Will    .....        i - amulet of the acrobat
Stlth   +            (no ring)
HPRegen 0.28/turn    (no ring)
MPRegen 0.10/turn

%: acrobat
@: lethally poisoned (-3 -> -17)
A: spiny 2, sharp scales 1
a: Renounce Religion, Berserk, Trog's Hand


You were on level 5 of the Dungeon.
You worshipped Trog.
Trog was pleased with you.
You visited 1 branch of the dungeon, and saw 5 of its levels.

You collected 145 gold pieces.

Inventory:

Hand Weapons
 a - a +0 spear (weapon)
Armour
 e - a +0 ring mail (worn)
Jewellery
 i - an amulet of the acrobat (around neck)
 q - the amulet "Hely" {rN+ Will- Regen+ Int+5}
   (You found it on level 5 of the Dungeon)

   [amulet of regeneration]

   Int:       It affects your intelligence (+5).
   rN:        It protects you from negative energy.
   Regen:     It increases your rate of health regeneration.
   Will:      It decreases your willpower.
Scrolls
 b - a scroll of silence {unknown}
 d - a scroll of noise {unknown}
 g - a scroll of teleportation {unknown}
 j - a scroll of immolation {unknown}
 l - 2 scrolls of identify {unknown}
 n - a scroll of brand weapon {unknown}
 o - a scroll of poison {unknown}
 r - a scroll of fog {unknown}
Potions
 c - 2 potions of curing {unknown}
 f - a potion of magic {unknown}
 h - a potion of flight {unknown}
 k - a potion of brilliance {unknown}
 m - a potion of mutation {unknown}
 p - a potion of attraction {unknown}


   Skills:
 + Level 4.5 Fighting
 + Level 5.3 Polearms
 + Level 3.2 Armour
 + Level 2.7 Dodging
 + Level 0.3 Stealth


You had 5 spell levels left.
You didn't know any spells.
Your spell library contained the following spells:

 Spells                   Type           Power      Damage    Failure   Level
 Lesser Beckoning         Tloc           0%         N/A       71%         2
 Gell's Gravitas          Tloc           0%         N/A       90%         3
 Teleport Other           Tloc           0%         N/A       90%         3


Dungeon Overview and Level Annotations

Branches:
Dungeon (5/15)
 Temple: D:4-7

Altars:
Okawaru
Wu Jian


Innate Abilities, Weirdness & Mutations

You are mostly covered in sharp spines.
You are partially covered in razor-sharp scales. (AC +1, Slay +1)


Message History

The water moccasin misses you. The water moccasin bites you.
The white imp shouts, "Out, out, thou peeagling saucy baggage!"
The water moccasin bites you.
You are poisoned.
The water moccasin poisons you!
You feel very sick.
You feel sick.
The water moccasin attacks as you move away!
The water moccasin is struck by your spines.
The water moccasin misses you.
You feel sick.
The water moccasin is struck by your spines.
The water moccasin closely misses you.
You feel sick.
The water moccasin attacks as you move away!
The water moccasin completely misses you.
You feel sick. The water moccasin misses you.
You feel sick.
The water moccasin attacks as you move away!
The water moccasin misses you.
You feel sick.
You feel sick.
You are no longer poisoned.
The water moccasin misses you.
The water moccasin is struck by your spines.
The water moccasin closely misses you.
The water moccasin attacks as you move away!
The water moccasin completely misses you.
The white imp shouts, "Remove thy stench, thou feeble weevil-witted frater!"
The water moccasin misses you.
The water moccasin attacks as you move away!
The water moccasin completely misses you.
There is a stone staircase leading down here.
The water moccasin is struck by your spines.
The water moccasin bites you!
* * * LOW HITPOINT WARNING * * *
You are lethally poisoned!
The water moccasin poisons you!
The water moccasin is struck by your spines.
The water moccasin bites you.
You die...

.. ..# #.#..### ##
#.#.... .. #.#...# .#
#.#...##.###
#..........
#.####...#...
#.....@S5#.############
#######................
##......#######..
#.#.##).# #รท#
#.#.###.# #.# ..#.#
#.## #..
#######.###..#######
....................
#######.##.###.#####


You could see a water moccasin and a white imp.

Vanquished Creatures
  An ogre (D:4)
  A centaur (D:5)
  A jelly (D:5)
  4 hounds (D:5)
  2 iguanas (D:5)
  An orc wizard (D:5)
  7 adders
  4 orcs (D:5)
  3 endoplasms
  2 giant cockroaches
  2 goblins
  2 hobgoblins
  4 jackals (D:4)
  3 kobolds
  5 ball pythons
  3 rats
45 creatures vanquished.

Notes
Turn   | Place    | Note
-------+----------+-------------------------------------------
     0 | D:1      | asfdlkj the Demonspawn Berserker began the quest for the
                  | Orb.
     0 | D:1      | Reached XP level 1. HP: 18/18 MP: 1/1
   200 | D:1      | Gained mutation: You are partially covered in sharp spines.
                  | [demonic ancestry]
   200 | D:1      | Reached XP level 2. HP: 21/24 MP: 2/2
   219 | D:1      | Reached skill level 3 in Polearms
   453 | D:3      | Reached XP level 3. HP: 29/29 MP: 3/3
   634 | D:3      | Identified the +1 ring mail of Vyz Hasm {-Cast Contam rC+++
                  | Regen+}
   676 | D:4      | Noticed an ogre
   685 | D:4      | Killed an ogre
   686 | D:4      | Reached skill level 4 in Polearms
   686 | D:4      | Gained mutation: You are mostly covered in sharp spines.
                  | [demonic ancestry]
   686 | D:4      | Reached XP level 4. HP: 37/37 MP: 4/4
   867 | D:4      | Found an iron altar of Okawaru.
   939 | D:4      | Found an ornate altar of the Wu Jian Council.
  1091 | D:4      | Reached XP level 5. HP: 42/42 MP: 5/5
  1132 | D:5      | Entered Level 5 of the Dungeon
  1399 | D:5      | Gained mutation: You are partially covered in razor-sharp
                  | scales. (AC +1, Slay +1) [demonic ancestry]
  1399 | D:5      | Reached XP level 6. HP: 37/48 MP: 6/6
  1402 | D:5      | Reached ** piety under Trog
  1485 | D:5      | Identified the amulet "Hely" {rN+ Will- Regen+ Int+5}
  1624 | D:5      | Reached skill level 5 in Polearms
  1769 | D:5      | Noticed a water moccasin
  1796 | D:5      | HP: 2/49 [water moccasin (7)]
  1796 | D:5      | Slain by a water moccasin

Illustrated notes

Levels and vault maps discovered:
D:1:      saegor_arrival_simple_e, layout_loops_ring, roderic_lattice_a
D:2:      minmay_general_purpose_star, layout_rooms,
          shapermc_ecumenical_altar_starsandcircs, uniq_robin
D:3:      layout_rooms, amcnicky_altar_gilded, minmay_misc_feat_plants,
          minmay_pentomino_pile
D:4:      layout_cave_pools, nicolae_wu_jian_immortal_techniques, tgw_sif,
          okawaru_gym_becter, chequers_serial_rivers_room_a
D:5:      layout_basic, nzn_hepliaklqana_mist_gate, kennysheep_mini,
          hangedman_abyss_or_decor_jellyfish_corner, hangedman_minor_gate_pass,
          uniq_sigmund

Skill      XL: |  1  2  3  4  5  6 |
---------------+-------------------+-----
Dodging        | 2 |  2.7
Polearms       | 3 4 5 |  5.3
Armour         | 2 3 |  3.2
Fighting       | 4 |  4.5
Stealth        | |  0.3

Action                     |  1- 3 |  4- 6 || total
---------------------------+-------+-------++-------
  Melee: Spear             |    50 |    57 ||   107
         Punch             |       |     2 ||     2
 Invoke: Berserk           |     2 |     1 ||     3
         Trog's Hand       |       |     1 ||     1
 Armour: Animal skin       |     3 |       ||     3
         Ring mail         |     7 |    23 ||    30
  Dodge: Dodged            |    18 |    68 ||    86
